 Dungeon Crawl Stone Soup version 0.20.1-1-g8b1a95d (webtiles) character file.

463 polve the Ducker (level 6, -2/41 HPs)
             Began as a Vampire Enchanter on July 25, 2017.
             Was an Initiate of Dithmenos.
             Slain by a howler monkey (7 damage)
             ... on level 4 of the Dungeon.
             The game lasted 00:12:41 (8312 turns).

polve the Ducker (Vampire Enchanter)                Turns: 8312, Time: 00:12:42

Health: -2/41      AC:  5    Str:  5    XL:     6   Next: 79%
Magic:  9/9        EV: 16    Int: 20    God:    Dithmenos [......]
Gold:   251        SH:  0    Dex: 15    Spells: 0/9 levels left

rFire    + + .     SeeInvis +   n - +2 dagger (venom)
rCold    + . .     Gourm    .   (no shield)
rNeg     + . .     Faith    .   j - +2 robe {rF+}
rPois    .         Spirit   .   l - +1 helmet
rElec    .         Reflect  .   p - scarf {rC+ rF+}
rCorr    .         Harm     .   (no gloves)
MR       .....     Rnd*Tele +   (no boots)
Stlth    +++.......             (no amulet)
Regen    0.2/turn               s - ring of teleportation (curse)
MPRegen  0.2/turn               t - +3 ring of dexterity

@: no status effects
A: fangs 3, see invisible, clumsy 1, deformed body, high mp 1, sense
surroundings 1, weak 1, unbreathing
a: Bat Form, Renounce Religion


You were on level 4 of the Dungeon.
You worshipped Dithmenos.
Dithmenos was noncommittal.
You were not thirsty.

You visited 1 branch of the dungeon, and saw 5 of its levels.

You collected 251 gold pieces.

Inventory:

Hand Weapons
 n - a +2 dagger of venom (weapon)
Armour
 a - a scarf of repulsion
 j - a +2 robe of fire resistance (worn)
 l - a +1 helmet (worn)
 p - a scarf of resistance (worn)
Jewellery
 m - an uncursed ring of protection from fire
 r - an uncursed ring of see invisible
 s - a cursed ring of teleportation (left hand)
 t - a +3 ring of dexterity (right hand)
Scrolls
 d - 2 scrolls of identify
 e - a scroll of enchant armour
 g - 4 scrolls of enchant weapon
 k - 3 scrolls of teleportation
Potions
 b - 3 potions of brilliance
 o - 2 potions of curing
 q - 6 potions of blood
Books
 c - a book of Maledictions

   Spells                             Type                      Level
   a - Corona                         Hexes                        1
   b - Ensorcelled Hibernation        Hexes/Ice                    2
   c - Confuse                        Hexes                        3
   d - Tukima's Dance                 Hexes                        3
   e - Dazzling Spray                 Conjuration/Hexes            3


   Skills:
 + Level 5.5 Short Blades
 + Level 5.9 Dodging
 - Level 4.4 Stealth
 - Level 2.0 Spellcasting
 - Level 4.4 Hexes


You couldn't memorise any spells.
You knew the following spells:

 Your Spells              Type           Power        Failure   Level  Hunger
a - Corona                Hex            ###....      2%          1    #......
b - Confuse               Hex            ###.....     8%          3    ###....
c - Tukima's Dance        Hex            ###.....     8%          3    ###....
d - Ensorcelled Hibernat  Hex/Ice        ##....       10%         2    ##.....


Dungeon Overview and Level Annotations

Branches:
Dungeon (5/15)
 Temple: D:4-7

Altars:
Dithmenos
Fedhas
Makhleb
Ru
Uskayaw
Xom

Annotations:
D:5 appiemonkey's ghost, novice HaFi


Innate Abilities, Weirdness & Mutations

You have razor-sharp teeth.
You have supernaturally acute eyesight. (SInv)
You can survive without breathing.
You are clumsy. (Dex -2)
Armour fits poorly on your strangely shaped body.
You have an increased reservoir of magic. (+10% MP)
You passively map a small area around you.
You are weak. (Str -2)


Message History

The leopard gecko bites you but does no damage.
You hit the leopard gecko.
The leopard gecko looks as sick as possible!
The leopard gecko is almost dead.
You kill the leopard gecko!
Dithmenos accepts your kill.
You see here a leopard gecko corpse.
You bottle the corpse's blood.
q - 8 potions of blood (gained 1)
You see here a leopard gecko skeleton.
Yummy - fresh blood!
You are feeling very thirsty.
A howler monkey comes into view.
You see here a glowing chain mail.
Yummy - fresh blood!
The howler monkey barely misses you.
You hit the howler monkey.
The howler monkey is poisoned.
The howler monkey is moderately wounded.
The howler monkey hits you!
You die...

....##.# #..####.#.# ##..###.#
##..##.## ##.........# #..# #.#
##......# #.....##.#.# #..###.##
....#...###.#.#....#.####.......#
#.....#............#....#...#.#..
..#.#...###.#.#..................
#...##.####......##.###.....#.#..
.............###.##.#⌠#..##.....#
#......####### #@##.###..########
...###.# #h##.....## #..# #.#
#.#####.## ..## #.### #.# #.# .##
#...#######.#####.#
.#####..........÷...h..# ####
.......).............### #...
#######..#######.###.# #.#. #..#
#.# #.#########...


You could see a howler monkey.

Vanquished Creatures
  Sigmund (D:3)
  A worker ant (D:4)
  Robin (D:3)
  6 gnolls (D:3)
  11 adders
  3 worms
  2 dart slugs
  2 leopard geckos
  5 orcs (D:3)
  12 bats
  2 giant cockroaches
  14 goblins
  6 hobgoblins
  9 kobolds
  A quokka (D:2)
  2 frilled lizards
  10 rats
88 creatures vanquished.

Vanquished Creatures (others)
  The ghost of Ferkelamun the Ruffian, an amateur DrTm (D:4)
  A gnoll (D:3)
  A worm (D:2)
  A dart slug (D:1)
  A goblin (D:3)
  A hobgoblin (D:3)
  A kobold (D:1)
  A quokka skeleton (D:4)
8 creatures vanquished.

Grand Total: 96 creatures vanquished

Notes
Turn   | Place    | Note
-------+----------+-------------------------------------------
     0 | D:1      | polve the Vampire Enchanter began the quest for the Orb.
     0 | D:1      | Reached XP level 1. HP: 13/13 MP: 3/3
   424 | D:1      | Reached XP level 2. HP: 4/19 MP: 5/5
  1260 | D:2      | Reached XP level 3. HP: 24/24 MP: 6/6
  1425 | D:2      | HP: 1/24 [poisoned by an adder]
  1826 | D:2      | Found a burning altar of Makhleb.
  1826 | D:2      | Noticed a balrug
  1829 | D:2      | Noticed an orange demon
  1829 | D:2      | Noticed a smoke demon
  1948 | D:2      | Found a shadowy altar of Dithmenos.
  2509 | D:2      | Reached XP level 4. HP: 29/30 MP: 7/7
  2707 | D:3      | Noticed Robin
  3278 | D:3      | Found a shimmering altar of Xom.
  3837 | D:2      | Gained mutation: Armour fits poorly on your strangely shaped body. [potion of mutation]
  3837 | D:2      | Gained mutation: You have an increased reservoir of magic. (+10% MP) [potion of mutation]
  3837 | D:2      | Gained mutation: You are clumsy. (Dex -2) [potion of mutation]
  3837 | D:2      | Gained mutation: You passively map a small area around you. [potion of mutation]
  4098 | D:2      | Gained mutation: You are weak. (Str -2) [mutagenic glow]
  4578 | D:3      | Found a blossoming altar of Fedhas.
  4591 | D:3      | Reached XP level 5. HP: 35/35 MP: 8/8
  4592 | D:3      | Noticed Sigmund
  4609 | D:3      | Killed Sigmund
  4609 | D:3      | Reached skill level 5 in Dodging
  4609 | D:3      | Reached XP level 6. HP: 27/41 MP: 9/9
  4663 | D:3      | Killed Robin
  4885 | D:3      | Learned a level 3 spell: Confuse
  4889 | D:3      | Learned a level 3 spell: Tukima's Dance
  4892 | D:3      | Learned a level 2 spell: Ensorcelled Hibernation
  5175 | D:3      | Found a sacrificial altar of Ru.
  5208 | D:3      | Reached skill level 5 in Short Blades
  5214 | D:3      | HP: 2/41 [gnoll/spear (10)]
  6698 | D:2      | Became a worshipper of Dithmenos the Shadowed
  6992 | D:4      | Killed Ferkelamun's ghost
  7590 | D:4      | Found a hide-covered altar of Uskayaw.
  8202 | D:5      | Entered Level 5 of the Dungeon
  8210 | D:5      | Noticed appiemonkey's ghost (novice HaFi)
  8239 | D:5      | HP: 2/41 [leopard gecko (3)]
  8312 | D:4      | Slain by a howler monkey

Skill      XL: |  1  2  3  4  5  6 |
---------------+-------------------+-----
Short Blades   | 2 3 4 5 |  5.5
Dodging        | 3 4 5 |  5.9
Stealth        | |  4.4
Spellcasting   | |  2.0
Hexes          | |  4.4

Action                   |  1- 3 |  4- 6 || total
-------------------------+-------+-------++-------
Melee: Dagger            |    97 |   223 ||   320
       Bite              |     6 |    12 ||    18
 Cast: Corona            |     2 |     2 ||     4
  Use: Potion            |     1 |    14 ||    15
       Scroll            |       |     7 ||     7
 Stab: Sleeping          |    12 |    14 ||    26
Armor: Robe              |    13 |    44 ||    57
Dodge: Dodged            |    56 |   138 ||   194
